 Dungeon Crawl Stone Soup version 0.19.3 (console) character file.

165 Lahna the Sneak (level 5, -7/24 HPs)
             Began as a Spriggan Enchanter on Jan 23, 2017.
             Mangled by a river rat (9 damage)
             ... in a sewer.
             The game lasted 00:07:30 (2025 turns).

Lahna the Sneak (Spriggan Enchanter)                Turns: 2025, Time: 00:07:30

Health: -7/24      AC:  3    Str:  4    XL:     5   Next: 22%
Magic:  11/12      EV: 15    Int: 16    God:
Gold:   131        SH:  0    Dex: 18    Spells: 2 memorised, 9 levels left

rFire  . . .     SeeInvis +     a - +1 dagger
rCold  . . .     Gourm    .     b - +1 robe
rNeg   . . .     Faith    .     (shield restricted)
rPois  .         Spirit   .     (helmet restricted)
rElec  .         Reflect  .     (no cloak)
rCorr  .         Harm     .     (gloves unavailable)
MR     .....                    (boots unavailable)
Stlth  ++++......               (no amulet)
                                (no ring)
                                n - +3 ring of slaying

@: mesmerised, constricted, very quick
A: unfitting armour, see invisible, herbivore 3, speed 3, slow metabolism 2
a: no special abilities


You were in a sewer.
You were not hungry.

You visited 1 branch of the dungeon, and saw 3 of its levels.
You also visited: Sewer.

You collected 131 gold pieces.

Inventory:

Hand Weapons
 a - a +1 dagger (weapon)
Armour
 b - a +1 robe (worn)
Jewellery
 n - a +3 ring of slaying (left hand)
 u - a cursed ring of teleportation {unknown}
Wands
 r - a wand of acid (6/15)
Scrolls
 h - 2 scrolls of teleportation {unknown}
 i - 3 scrolls of amnesia {unknown}
 j - 2 scrolls of enchant armour {unknown}
 k - a scroll of remove curse {unknown}
 l - a scroll of fear {unknown}
 m - a scroll of blinking {unknown}
 p - a scroll of magic mapping {unknown}
 s - 2 scrolls of identify {unknown}
 t - a scroll of noise {unknown}
Potions
 e - 2 potions of degeneration {unknown}
 g - 3 potions of curing {unknown}
 o - a potion of lignification {unknown}
 q - a potion of flight {unknown}
Books
 c - a book of Maledictions

   Spells                             Type                      Level
   a - Corona                         Hexes                        1
   b - Ensorcelled Hibernation        Hexes/Ice                    2
   c - Confuse                        Hexes                        3
   d - Tukima's Dance                 Hexes                        3
   e - Dazzling Spray                 Conjuration/Hexes            3
Comestibles
 d - 5 bread rations
 f - a fruit


   Skills:
 + Level 2.3 Short Blades
 - Level 3.0 Dodging
 - Level 7.0 Stealth
 - Level 4.0 Spellcasting
 - Level 4.2 Hexes
 - Level 0.1 Ice Magic


You had 9 spell levels left.
You knew the following spells:

 Your Spells              Type           Power        Failure   Level  Hunger
a - Corona                Hex            ###....      3%          1    None
b - Ensorcelled Hibernat  Hex/Ice        ##....       12%         2    ##.....


Dungeon Overview and Level Annotations

Branches:
Dungeon (3/15)

Altars:
Nemelex Xobeh
Xom


Innate Abilities, Weirdness & Mutations

You are very small and have problems with some larger weapons.
You are too small for most types of armour.
You have supernaturally acute eyesight. (SInv)
You are a herbivore.
You cover ground extremely quickly.
You need consume almost no food.


Message History

The river rat bites you.
You hit the river rat but do no damage. The ball python bites you.
The ball python constricts you.
The sickly siren chants its luring song.
A rat comes into view.
You barely miss the river rat. The river rat misses you.
The ball python closely misses you. The ball python constricts you.
The sickly siren chants its luring song.
You hit the river rat but do no damage. The ball python closely misses you.
The ball python constricts you. The river rat bites you.
You closely miss the river rat.
The ball python bites you but does no damage.
The ball python constricts you. The river rat bites you!
* * * LOW HITPOINT WARNING * * *
The sickly siren chants its luring song.
You hit the river rat.
The river rat is heavily wounded.
The ball python misses you. The ball python constricts you.
The river rat bites you!
You die...

. . ≈...#######
≈≈mrrrr@..#
≈≈≈≈rlS##.#
#≈###≈S≈#.# ##
###≈≈≈#############.
#≈≈≈≈≈≈≈≈≈≈≈≈≈≈†.≈
##########≈≈≈≈≈≈≈≈
###########
#∩†≈†≈≈....
###≈≈≈.####


You could see a sickly siren, a river rat, a leopard gecko, 2 ball pythons and 4
rats.

Vanquished Creatures
  Jessica (D:3)
  Terence (D:3)
  2 adders
  3 river rats
  A worm (D:3)
  A leopard gecko (D:2)
  An orc (D:3)
  2 giant cockroaches (D:1)
  8 goblins
  2 hobgoblins (D:1)
  10 jackals
  2 quokkas
  3 ball pythons
  12 bats
  6 frilled lizards
  3 kobolds (D:2)
  14 rats
72 creatures vanquished.

Notes
Turn   | Place    | Note
-------+----------+-------------------------------------------
     0 | D:1      | Lahna the Spriggan Enchanter began the quest for the Orb.
     0 | D:1      | Reached XP level 1. HP: 9/9 MP: 5/5
     2 | D:1      | Noticed an ogre
     2 | D:1      | Noticed a halfling
     4 | D:1      | Noticed a demonspawn
     4 | D:1      | Noticed a naga
     6 | D:1      | Noticed a minotaur
     6 | D:1      | Noticed a vine stalker
     8 | D:1      | Noticed a gargoyle
    10 | D:1      | Noticed a draconian
    12 | D:1      | Noticed a vampire
    12 | D:1      | Noticed a troll
    14 | D:1      | Noticed a formicid
    16 | D:1      | Noticed a centaur
    16 | D:1      | Noticed a demigod
    18 | D:1      | Noticed a felid
    20 | D:1      | Noticed a tengu
    20 | D:1      | Noticed an octopode
    22 | D:1      | Noticed a merfolk
    22 | D:1      | Noticed a dwarf
    24 | D:1      | Noticed a ghoul
    24 | D:1      | Noticed an elf
    26 | D:1      | Noticed a spriggan
    26 | D:1      | Noticed a human
   255 | D:1      | Reached skill level 5 in Stealth
   322 | D:1      | Reached XP level 2. HP: 13/13 MP: 6/6
   574 | D:1      | Reached skill level 6 in Stealth
   788 | D:2      | Reached XP level 3. HP: 13/16 MP: 8/8
   895 | D:2      | Found a shimmering altar of Xom.
  1123 | D:2      | Learned a level 2 spell: Ensorcelled Hibernation
  1228 | D:3      | Noticed Terence
  1235 | D:3      | Killed Terence
  1235 | D:3      | Reached XP level 4. HP: 16/21 MP: 9/11
  1294 | D:3      | Found a sparkling altar of Nemelex Xobeh.
  1303 | D:3      | Noticed Jessica
  1310 | D:3      | Killed Jessica
  1882 | D:3      | Reached XP level 5. HP: 21/24 MP: 12/12
  1895 | D:3      | Found a glowing drain.
  1899 | Sewer    | Entered a sewer
  1919 | Sewer    | Reached skill level 7 in Stealth
  2024 | Sewer    | HP: 1/24 [river rat (9)]
  2025 | Sewer    | Mangled by a river rat

Skill      XL: |  1  2  3  4  5 |
---------------+----------------+-----
Stealth        | 5 6 7 |  7.0
Short Blades   | 2 |  2.3
Spellcasting   | 4 |  4.0
Hexes          | 4 |  4.2
Dodging        | |  3.0
Ice Magic      | |  0.1

Action                   |  1- 3 |  4- 6 || total
-------------------------+-------+-------++-------
Melee: Dagger            |   137 |    78 ||   215
 Cast: Corona            |     7 |       ||     7
       Ensorcelled Hiber |     1 |    10 ||    11
 Stab: Sleeping          |    18 |    15 ||    33
       Distracted        |     1 |       ||     1
Armor: Robe              |    28 |     3 ||    31
Dodge: Dodged            |   129 |    62 ||   191
